 Dungeon Crawl Stone Soup version 0.29-a0-878-g7b45a56547 (webtiles) character file.

Game seed: 15325198147278474640

361 RBrandon the Covered (level 6, 0/70 HPs)
             Began as a Demonspawn Artificer on July 20, 2022.
             Was a Believer of Okawaru.
             Slain by Sigmund
             ... wielding a +5 scythe of venom
              (6 damage)
             ... on level 4 of the Dungeon.
             The game lasted 00:06:13 (4175 turns).

RBrandon the Covered (Demonspawn Artificer)         Turns: 4175, Time: 00:06:14

Health: 0/70       AC: 23    Str: 12    XL:     6   Next: 38%
Magic:  8/8        EV:  2    Int: 12    God:    Okawaru [**....]
Gold:   43         SH:  0    Dex: 16    Spells: 5/5 levels left

rFire   . . .      SeeInvis .   n - +0 long sword
rCold   . . .      Faith    .   z - orb {*Rage}
rNeg    . . .      Spirit   .   (body armour currently unavailable)
rPois   +          Reflect  .   (helmet currently unavailable)
rElec   .          Harm     .   (cloak currently unavailable)
rCorr   .          Rampage  .   (gloves currently unavailable)
Will    .....      Rage     20% (boots currently unavailable)
Stlth   +......... NoTele   +   (no amulet)
HPRegen 0.21/turn               (no ring)
MPRegen 0.22/turn               (no ring)

@: confused, brilliant, lethally poisoned (0 -> -5), tree-form, heroic,
ambrosia-drunk
A: stationary, stasis, torment immunity, boosted hp, magic regeneration, (sharp
scales 2), (weakness stinger 1)
a: Renounce Religion, Heroism


You were on level 4 of the Dungeon.
You worshipped Okawaru.
Okawaru was pleased with you.
You were a tree.
You visited 1 branch of the dungeon, and saw 4 of its levels.

You collected 173 gold pieces.
You spent 130 gold pieces at shops.

Inventory:

Hand Weapons
 a - a +0 club
 h - a +0 whip
 i - a +0 dagger
 n - a +0 long sword (weapon)
Missiles
 r - 5 poisoned darts
 w - 6 boomerangs
Armour
 b - a +0 leather armour
 l - a +0 chain mail
 s - the +4 plate armour of the Lair of Beasts (melded) {Dex+4 SInv}
   (You found it on level 2 of the Dungeon)

   Dex:       It affects your dexterity (+4).
   SInv:      It lets you see invisible.
 z - an orb of wrath (worn)
   (You bought it in a shop on level 3 of the Dungeon)
 C - a +0 cloak (melded)
Jewellery
 A - a +4 ring of slaying
Wands
 c - a wand of flame (9) (quivered)
 d - a wand of charming (15)
 e - a wand of iceblast (7)
Scrolls
 f - a scroll of enchant weapon {unknown}
 k - a scroll of poison {unknown}
 m - a scroll of amnesia {unknown}
 p - a scroll of teleportation {unknown}
 u - a scroll of magic mapping {unknown}
 x - a scroll of immolation {unknown}
 y - a scroll of fog {unknown}
Potions
 o - 3 potions of attraction
 t - a potion of invisibility {unknown}
 v - 3 potions of flight
 B - a potion of lignification


   Skills:
 + Level 3.5(8.5) Fighting
 + Level 4.2(9.2) Armour
 - Level 1.6(6.6) Dodging
 - Level 0.8(5.8) Stealth
 + Level 3.5 Invocations
 - Level 3.0 Evocations


You had 5 spell levels left.
You didn't know any spells.
Your spell library was empty.

Dungeon Overview and Level Annotations

Branches:
Dungeon (4/15)
 Temple: D:4-7

Altars:
Okawaru

Shops:
D:3 [

Annotations:
D:4 Pikel, Sigmund


Innate Abilities, Weirdness & Mutations

You are a tree.
Your roots penetrate the ground, keeping you stationary.
You cannot be teleported.
You are immune to unholy pain and torment.
Your maximum health is greatly increased.
Your equipment is partially melded.
You regenerate magic rapidly.
((You are mostly covered in razor-sharp scales. (AC +2, Slay +2)))
((You have a small tail.))


Message History

Sigmund is heavily wounded.
You feel sick. Sigmund hits you but does no damage.
You are more poisoned.
You slash Sigmund!
Sigmund is severely wounded.
You feel very sick.
You closely miss Sigmund.
Sigmund is severely wounded.
You feel very sick. Sigmund hits you but does no damage.
You are more poisoned.
You closely miss Sigmund.
Sigmund is severely wounded.
You feel very sick.
Sigmund hits you with a +5 scythe of venom!
* * * LOW HITPOINT WARNING * * *
You are lethally poisoned!
It was a potion of lignification.
You turn into a tree.
Your +0 cloak melds into your body.
The +4 plate armour of the Lair of Beasts {Dex+4 SInv} melds into your body.
Your roots penetrate the ground.
You feel very sick. Something hits you but does no damage.
Deactivating autopickup; reactivate with Ctrl-A.
You cannot move.
You barely miss something.
You feel very sick.
You slash something!
You feel very sick. Something hits you.
* * * LOW HITPOINT WARNING * * *
It was a potion of ambrosia.
You are confused.
You feel invigorated.
You feel sick. Something hits you!
* * * LOW HITPOINT WARNING * * *
It was a potion of brilliance.
You feel clever all of a sudden.
* * * LOW HITPOINT WARNING * * *
You feel sick. Something hits you.
You die...

#..# .. ##5. ..# ## #
#.. ...# # #!#.# #..
#..#.# #.##.# ####5.
...#. #.#...####5...#
#... #.##..##.......#
#..{#.#...##..#######
#♣##..# #.##
#...#....# #.#
#...#....###.###
#..:#.....###..###
.#####...>.# ###..##
#...........# ##..#
#########..## #..#
#### ##..# ##.##
...## ##...## ##.##


There were no monsters in sight!

Vanquished Creatures
  A water moccasin (D:4)
  3 lemures (D:4)
  Blork the orc (D:4)
  2 hounds
  An iguana (D:4)
  5 adders
  An orc (D:4)
  7 ball pythons
  5 endoplasms
  4 giant cockroaches
  9 goblins
  4 hobgoblins
  5 quokkas
  4 bats
  3 frilled lizards
  5 kobolds
  5 rats
65 creatures vanquished.

Notes
Turn   | Place    | Note
-------+----------+-------------------------------------------
     0 | D:1      | RBrandon the Demonspawn Artificer began the quest for the
                  | Orb.
     0 | D:1      | Reached XP level 1. HP: 15/15 MP: 1/1
    18 | D:1      | Reached skill level 1 in Dodging
   824 | D:1      | Gained mutation: You are partially covered in razor-sharp
                  | scales. (AC +1, Slay +1) [demonic ancestry]
   824 | D:1      | Reached XP level 2. HP: 10/21 MP: 2/2
  1052 | D:1      | Found a faded altar of an unknown god.
  1077 | D:1      | Prayed at the altar of an unknown god.
  1077 | D:1      | Became a worshipper of Warmaster Okawaru
  1077 | D:1      | Reached * piety under Okawaru
  1522 | D:1      | Reached skill level 1 in Invocations
  2071 | D:2      | Reached XP level 3. HP: 27/27 MP: 4/4
  2174 | D:2      | Identified the +4 plate armour of the Lair of Beasts {Dex+4
                  | SInv}
  2372 | D:3      | Reached skill level 2 in Armour
  2483 | D:3      | Reached skill level 3 in Armour
  2483 | D:3      | Gained mutation: You have a small tail. [demonic ancestry]
  2483 | D:3      | Reached XP level 4. HP: 15/33 MP: 3/5
  2951 | D:3      | Found Doumodd's Armour Emporium.
  2956 | D:3      | Bought an orb of wrath for 130 gold pieces
  3377 | D:4      | Noticed Blork the orc
  3390 | D:4      | Killed Blork the orc
  3391 | D:4      | Gained mutation: You are mostly covered in razor-sharp
                  | scales. (AC +2, Slay +2) [demonic ancestry]
  3391 | D:4      | Reached XP level 5. HP: 16/39 MP: 6/6
  3630 | D:4      | Noticed Sigmund
  3762 | D:4      | Reached skill level 4 in Armour
  3991 | D:4      | Noticed a water moccasin
  3994 | D:4      | Killed a water moccasin
  3994 | D:4      | Reached ** piety under Okawaru
  3995 | D:4      | Gained mutation: You regenerate magic rapidly. [demonic
                  | ancestry]
  3995 | D:4      | Reached XP level 6. HP: 47/47 MP: 8/8
  4025 | D:4      | Noticed Pikel
  4175 | D:4      | Slain by Sigmund

Illustrated notes

Levels and vault maps discovered:
D:1:      denvon_arrival_planthouse, layout_loops_ring,
          hellmonk_ecumenical_altar_heavens_door, minmay_tetromino_s4
D:2:      layout_loops_ring, kennysheep_generic_room_10
D:3:      layout_loops_ring, serial_shops, shop
D:4:      layout_layer_cave, nicolae_uskayaw_dance_hall,
          minmay_temple_entry_hall, minmay_vboxes, uniq_blork_the_orc,
          uniq_sigmund, uniq_pikel

Skill      XL: |  1  2  3  4  5 |
---------------+----------------+-----
Dodging        | 1 |  1.6
Invocations    | 1 2 3 |  3.5
Armour         | 3 4 |  4.2
Fighting       | 2 3 |  3.5
Stealth        | |  0.8
Evocations     | |  3.0

Action                   |  1- 3 |  4- 6 || total
-------------------------+-------+-------++-------
Melee: Club              |    26 |       ||    26
       Whip              |    42 |       ||    42
       Long sword        |    34 |    93 ||   127
       Tailslap          |       |     9 ||     9
       Punch             |       |     1 ||     1
Invok: Heroism           |     2 |     1 ||     3
Evoke: Wand              |     6 |     2 ||     8
  Use: Scroll            |       |     2 ||     2
       Potion            |       |     3 ||     3
Armor: Leather armour    |    18 |       ||    18
       Chain mail        |    14 |       ||    14
       Skin              |     1 |     1 ||     2
       Plate armour      |    30 |    75 ||   105
Dodge: Dodged            |    48 |    17 ||    65

Table legend: (Time is in decaauts)
 A = Elapsed time spent in this place.
 B = Non-inter-level travel time spent in this place.
 C = Inter-level travel time spent in this place.
 D = Time resting spent in this place.
 E = Time spent auto-exploring this place.
 F = Levels seen in this place.
 G = Mean time per level.
                   A        B        C        D        E       F      G
               +--------+--------+--------+--------+--------+-----+--------+
         Total |   4292 |   4138 |    154 |   1609 |   1797 |   4 | 1073.0 |
       Dungeon |   4292 |   4138 |    154 |   1609 |   1797 |   4 | 1073.0 |
               +--------+--------+--------+--------+--------+-----+--------+

Top non-repeatable levels by time:
     D:1: 1809 daAuts
     D:3: 1232 daAuts
     D:2: 696 daAuts
     D:4: 554 daAuts

Table legend:
 A = Kills in this place as a percentage of kills in entire the game.
 B = Kills by you in this place as a percentage of kills by you in the entire game.
 C = Kills by friends in this place as a percentage of kills by friends in the entire game.
 D = Other kills in this place as a percentage of other kills in the entire game.
 E = Experience gained in this place as a percentage of experience gained in the entire game.
 F = Experience gained in this place divided by the number of levels of this place that you have seen.
                   A       B       C       D       E      F
               +-------+-------+-------+-------+-------+----------------------
         Total | 100.0 | 100.0 |   N/A |   N/A | 100.0 | 129.2
       Dungeon | 100.0 | 100.0 |   N/A |   N/A | 100.0 | 129.2
               +-------+-------+-------+-------+-------+----------------------
